 Dungeon Crawl Stone Soup version 0.26-a0-1164-g1a551d6a14 (webtiles) character file.

Game seed: 6078350038115819051

582 uibert the Firebug (level 7, -19/70 HPs)
             Began as an Ogre Fire Elementalist on Dec 23, 2020.
             Demolished by an ogre
             ... wielding a +0 giant spiked club
              (26 damage)
             ... on level 5 of the Dungeon.
             The game lasted 00:18:21 (6100 turns).

uibert the Firebug (Ogre Fire Elementalist)         Turns: 6100, Time: 00:18:21

Health: -19/70     AC:  3    Str: 15    XL:     7   Next: 36%
Magic:  8/13       EV: 10    Int: 16    God:
Gold:   171        SH:  0    Dex: 15    Spells: 6/14 levels left

rFire    + + .     SeeInvis .   r - +0 flail (holy)
rCold    x . .     Faith    .   (no shield)
rNeg     . . .     Spirit   .   a - +0 robe
rPois    .         Reflect  .   (helmet restricted)
rElec    .         Harm     .   (no cloak)
rCorr    .         Rampage  .   (gloves unavailable)
Will     .....     Rnd*Tele +   (boots unavailable)
Stlth    ++........             (no amulet)
HPRegen  0.21/turn              t - ring of fire
MPRegen  0.13/turn              v - +6 ring of dexterity

@: about to teleport
A: large, unfitting armour, horns 1, fire resistance 1, teleportitis 1, tough
skin 1, wild magic 1
a: no special abilities


You were on level 5 of the Dungeon.
You visited 1 branch of the dungeon, and saw 5 of its levels.

You collected 243 gold pieces.
You spent 72 gold pieces at shops.

Inventory:

Hand Weapons
 b - a +0 club
 k - a +0 hand axe
 r - a +0 flail of holy wrath (weapon)
Missiles
 f - 155 stones (quivered)
Armour
 a - a +0 robe (worn)
Jewellery
 d - an uncursed ring of see invisible
 i - an uncursed ring of protection from cold
 m - an uncursed ring of protection from cold
 t - a ring of fire (left hand)
 v - a +6 ring of dexterity (right hand)
Wands
 x - a wand of flame (22)
Scrolls
 c - a scroll of remove curse
 g - 4 scrolls of teleportation
 l - 2 scrolls of fear
 s - a scroll of immolation
 w - a scroll of identify
Potions
 e - a potion of flight {unknown}
 h - 2 potions of brilliance
 j - a potion of might
 n - a potion of haste {unknown}
 o - 2 potions of curing
 p - a potion of cancellation
 q - a potion of invisibility
 u - a potion of heal wounds


   Skills:
 + Level 4.2 Fighting
 - Level 1.7 Dodging
 - Level 1.4 Stealth
 + Level 4.4 Spellcasting
 - Level 0.8 Conjurations
 * Level 6.0 Fire Magic


You had 6 spell levels left.
You knew the following spells:

 Your Spells              Type           Power        Failure   Level
a - Foxfire               Conj/Fire      100%         7%          1
b - Conjure Flame         Conj/Fire      28%          17%         3
c - Sticky Flame          Conj/Fire      28%          45%         4

Your spell library contained the following spells:

 Spells                   Type           Power        Failure   Level
 Magic Dart               Conj           32%          17%         1
 Inner Flame              Hex/Fire       25%          21%         3
 Summon Small Mammal      Summ           16%          22%         1
 Searing Ray              Conj           16%          24%         2
 Call Imp                 Summ           4%           32%         2
 Dazzling Flash           Conj/Hex       12%          47%         3
 Call Canine Familiar     Summ           4%           52%         3
 Summon Guardian Golem    Hex/Summ       4%           52%         3
 Fireball                 Conj/Fire      14%          80%         5
 Fulminant Prism          Conj/Hex       3%           86%         4
 Iskenderun's Mystic Bla  Conj/Tloc      6%           86%         4
 Summon Ice Beast         Ice/Summ       4%           89%         4
 Summon Lightning Spire   Summ/Air       4%           89%         4


Dungeon Overview and Level Annotations

Branches:
Dungeon (5/15)
 Temple: D:4-7

Altars:
Ashenzari
Dithmenos
Makhleb
Nemelex Xobeh
Okawaru
Ru
Sif Muna
Yredelemnul
Zin
The Shining One

Shops:
D:4 *


Innate Abilities, Weirdness & Mutations

You are too large for most types of armour.
You have tough skin. (AC +1)
You have a pair of small horns on your head.
Your flesh is heat resistant. (rF+)
You are occasionally teleported next to monsters.
Your spells are a little harder to cast, but a little more powerful.


Message History

You kill the water moccasin!
The orc priest invokes the aid of Beogh against you.
Beogh smites you!
The ogre hits you with a +0 giant spiked club!
Your Fighting skill increases to level 4!
Your Fire Magic skill increases to level 6!
You hit the ogre.
The ogre is severely wounded.
The orc priest casts a cantrip, but nothing happens.
The ogre hits you with a +0 giant spiked club!!
* * * LOW HITPOINT WARNING * * *
Unknown command.
A bullfrog skeleton comes into view.
An orc comes into view. It is wielding a +0 dagger.
The orc priest casts a cantrip, but nothing happens.
Found 22 arrows.
As you read the scroll of teleportation, it crumbles to dust.
You feel strangely unstable.
The ogre hits you with a +0 giant spiked club!!
You die...

....>..........
..................
................(.
.#.....##...# #..#
##.....##...###..##
#......#....#...Z.#........+
#......'....#.....#.$......#
#......#....#..<..#........#
#......##...##..@.#........#
##.....##'####..O##.......#
########...##..o##.......##
#...................#
#...................#
#..........o........#
##...####.##.##...### .
##### ####o##...###...
#.....#.........


You could see an ogre, an orc priest, an orc and a bullfrog skeleton.

Vanquished Creatures
  The ghost of rgaf the Covered, an amateur BaFi (D:3)
  A water moccasin (D:5)
  A scorpion (D:4)
  An iron imp (D:5)
  An orc wizard (D:4)
  A bullfrog skeleton (D:4)
  Jessica (D:3)
  A worker ant zombie (D:5)
  4 adders
  A howler monkey simulacrum (D:3)
  A worker ant simulacrum (D:3)
  An ooze (D:3)
  5 worms
  3 dart slugs
  4 adder simulacra (D:3)
  4 leopard geckos
  5 orcs
  4 giant cockroaches
  14 goblins
  5 hobgoblins
  2 quokkas
  A ball python (D:2)
  10 bats
  A frilled lizard (D:2)
  A goblin skeleton (D:5)
  2 hobgoblin zombies (D:5)
  A jackal zombie (D:1)
  11 kobolds
  A kobold zombie (D:5)
  A leopard gecko zombie (D:1)
  An orc skeleton (D:5)
  2 orc zombies (D:5)
  3 rats
96 creatures vanquished.

Vanquished Creatures (collateral kills)
  A foxfire (D:4)
1 creature vanquished.

Vanquished Creatures (others)
  241 foxfires
241 creatures vanquished.

Grand Total: 338 creatures vanquished

Notes
Turn   | Place    | Note
-------+----------+-------------------------------------------
     0 | D:1      | uibert the Ogre Fire Elementalist began the quest for the
                  | Orb.
     0 | D:1      | Reached XP level 1. HP: 16/16 MP: 3/3
   349 | D:1      | Reached skill level 3 in Fire Magic
   475 | D:1      | Reached XP level 2. HP: 24/24 MP: 1/5
   991 | D:1      | Reached XP level 3. HP: 25/31 MP: 1/6
  1298 | D:1      | Learned a level 3 spell: Conjure Flame
  2067 | D:2      | Reached skill level 4 in Fire Magic
  2481 | D:2      | Gained mutation: You have a pair of small horns on your
                  | head. [potion of mutation]
  2481 | D:2      | Gained mutation: You have a pair of horns on your head.
                  | [potion of mutation]
  2530 | D:2      | Reached skill level 1 in Fighting
  2530 | D:2      | Reached XP level 4. HP: 10/41 MP: 5/8
  2884 | D:2      | Learned a level 4 spell: Sticky Flame
  3062 | D:2      | HP: 2/41 [poisoned by an adder]
  3488 | D:2      | Found a shadowy altar of Dithmenos.
  3613 | D:3      | Noticed Jessica
  3620 | D:3      | Killed Jessica
  3621 | D:3      | Reached XP level 5. HP: 49/49 MP: 4/9
  3643 | D:3      | Found a runed translucent gate.
  3644 | D:3      | Found a runed translucent gate.
  3645 | D:3      | Found a runed translucent gate.
  3757 | D:3      | Noticed rgaf's ghost (amateur BaFi)
  3875 | D:3      | Killed rgaf's ghost
  3876 | D:3      | Reached skill level 5 in Fire Magic
  3876 | D:3      | Reached XP level 6. HP: 6/61 MP: 1/11
  4389 | D:3      | Found a burning altar of Makhleb.
  4390 | D:3      | Noticed a blizzard demon
  4391 | D:3      | Found a glowing silver altar of Zin.
  4392 | D:3      | Noticed an angel
  5009 | D:4      | Found a sacrificial altar of Ru.
  5012 | D:4      | Found an iron altar of Okawaru.
  5012 | D:4      | Found a sparkling altar of Nemelex Xobeh.
  5015 | D:4      | Found a broken altar of Ashenzari.
  5049 | D:4      | Found a shimmering blue altar of Sif Muna.
  5067 | D:4      | Lost mutation: You have a pair of horns on your head.
                  | [potion of mutation]
  5067 | D:4      | Gained mutation: You are occasionally teleported next to
                  | monsters. [potion of mutation]
  5067 | D:4      | Gained mutation: Your spells are a little harder to cast,
                  | but a little more powerful. [potion of mutation]
  5067 | D:4      | Gained mutation: Your flesh is heat resistant. (rF+)
                  | [potion of mutation]
  5113 | D:4      | Found Seuniotu's General Store.
  5121 | D:4      | Bought a scroll of teleportation for 36 gold pieces
  5121 | D:4      | Bought a scroll of teleportation for 36 gold pieces
  5150 | D:4      | Found a basalt altar of Yredelemnul.
  5747 | D:5      | Entered Level 5 of the Dungeon
  5765 | D:5      | Found a glowing golden altar of the Shining One.
  5789 | D:5      | Reached XP level 7. HP: 60/68 MP: 8/13
  6094 | D:5      | Reached skill level 6 in Fire Magic
  6100 | D:5      | Demolished by an ogre

Illustrated notes

Levels and vault maps discovered:
D:1:      saegor_arrival_fortress, layout_basic, chequers_mini_garden
D:2:      layout_rooms, grunt_dithmenos_smoke
D:3:      layout_loops_ring, grunt_temple_overflow_order_and_chaos_2,
          gammafunk_ghost_icy, grunt_decor_fettered, uniq_jessica
D:4:      layout_basic, kennysheep_little_box, nicolae_overflow_hidden_temple,
          grunt_temple_overflow_open, serial_shops, shop, minmay_misc_feat_rows,
          dk_noncrumbling_3, yredelemnul_altar_generic
D:5:      layout_gridville, nicolae_tso_besieged_by_evil,
          minmay_temple_entry_drinking_statues, minivault_23, fedhas_altar_1

Skill      XL: |  1  2  3  4  5  6  7 |
---------------+----------------------+-----
Fire Magic     | 3 4 5 6 |  6.0
Fighting       | 1 3 4 |  4.2
Spellcasting   | 3 4 |  4.4
Dodging        | |  1.7
Stealth        | |  1.4
Conjurations   | |  0.8

Action                   |  1- 3 |  4- 6 |  7- 9 || total
-------------------------+-------+-------+-------++-------
Melee: Club              |    27 |       |       ||    27
       Unarmed           |     7 |       |       ||     7
       Hand axe          |    49 |    16 |       ||    65
       Flail             |       |    55 |    10 ||    65
       Headbutt          |       |     7 |     2 ||     9
Throw: Stone             |     4 |       |       ||     4
 Cast: Foxfire           |    67 |    65 |    18 ||   150
       Conjure Flame     |       |     1 |     1 ||     2
  Use: Scroll            |     5 |     6 |     1 ||    12
       Potion            |     1 |     2 |       ||     3
 Stab: Sleeping          |     3 |       |       ||     3
Armor: Robe              |    28 |    24 |     3 ||    55
Dodge: Dodged            |    79 |    62 |    10 ||   151

Table legend: (Time is in decaauts)
 A = Elapsed time spent in this place.
 B = Non-inter-level travel time spent in this place.
 C = Inter-level travel time spent in this place.
 D = Time resting spent in this place.
 E = Time spent auto-exploring this place.
 F = Levels seen in this place.
 G = Mean time per level.
                   A        B        C        D        E       F      G
               +--------+--------+--------+--------+--------+-----+--------+
         Total |   6148 |   6022 |    126 |   1509 |   2838 |   5 | 1229.6 |
       Dungeon |   6148 |   6022 |    126 |   1509 |   2838 |   5 | 1229.6 |
               +--------+--------+--------+--------+--------+-----+--------+

Top non-repeatable levels by time:
     D:1: 1984 daAuts
     D:2: 1610 daAuts
     D:3: 1408 daAuts
     D:4: 786 daAuts
     D:5: 358 daAuts
